Map: Dusk Towers

Players

pugwalker - Winner!

  • Race: Terran Terran
  • League: Master

PsychO

  • Race: Protoss Protoss
  • League: Grandmaster

VOD

Have the link to the VOD?

Description

Time

  • Played on: Feb. 23, 2016, 12:24 a.m.
  • Length: 7:14
Show
View Real Time Build Order
Export as new Build Order

pugwalker Terran - Winner!

Build Orders:  

Get SALT Encoding   

  12  0:00  SCV  
  13  0:12  SCV  
  14  0:17  Supply Depot  
  14  0:24  SCV  
  15  0:39  SCV  
  15  0:40  Barracks  
  16  0:44  Refinery  
  16  0:51  SCV  
  17  1:03  SCV  
  18  1:15  SCV  
  19  1:28  Orbital Command  
  19  1:32  Barracks Reactor  
  19  1:41  Command Center  
  19  1:55  SCV  
  19  1:59  Supply Depot  
  20  2:10  Factory  
  20  2:11  SCV  
  20  2:12  Marine x2  
  23  2:23  SCV, Bunker  
  24  2:32  Marine x2  
  24  2:35  SCV  
  27  2:46  Refinery  
  27  2:47  SCV  
  27  2:50  Marine x2  
  30  2:55  Factory Tech Lab  
  31  2:59  Orbital Command  
  31  3:01  SCV  
  31  3:07  Engineering Bay  
  31  3:14  Marine  
  31  3:16  Cyclone  
  31  3:19  SCV  
  36  3:24  Marine  
  36  3:26  SCV  
  38  3:32  SCV, Marine  
  40  3:42  SCV, Marine  
  40  3:45  Missile Turret  
  40  3:46  Missile Turret  
  42  3:52  SCV  
  42  3:54  SCV  
  42  3:55  Missile Turret  
  44  4:02  Supply Depot  
  44  4:09  Marine, SCV  
  46  4:11  Bunker  
  46  4:24  Siege Tank  
  49  4:28  Starport  
  49  4:29  Barracks, Supply Depot  
  49  4:34  Marine x2  
  48  4:57  Siege Tank  
  48  4:58  Marine x2  
  52  5:02  SCV  
  54  5:07  SCV  
  54  5:09  Starport Reactor  
  54  5:12  Barracks  
  54  5:14  SCV  
  55  5:19  SCV  
  56  5:25  Engineering Bay  
  56  5:26  SCV  
  56  5:28  Supply Depot  
  57  5:29  Barracks Tech Lab  
  57  5:32  SCV  
  58  5:38  Bunker  
  58  5:41  Refinery  
  61  5:42  Siege Tank  
  61  5:45  SCV  
  61  5:46  SCV  
  63  5:53  Marine x2  
  63  5:54  Marine  
  66  5:57  SCV  
  66  6:00  Barracks Tech Lab  
  66  6:01  SCV  
  66  6:03  Refinery  
  61  6:36  Supply Depot  
  61  6:39  SCV x2  
  54  6:51  SCV  
Show
View Real Time Build Order
Export as new Build Order

PsychO Protoss 

Build Orders: Mass Adepts 

Get SALT Encoding   

  12  0:01  Probe (Chrono Boost)  
  13  0:14  Probe (Chrono Boost)  
  14  0:19  Pylon  
  14  0:24  Probe (Chrono Boost)  
  15  0:37  Probe (Chrono Boost)  
  15  0:38  Gateway  
  16  0:47  Probe (Chrono Boost)  
  16  0:49  Assimilator  
  17  0:58  Probe (Chrono Boost)  
  17  1:00  Assimilator  
  18  1:09  Probe (Chrono Boost)  
  19  1:13  Pylon  
  19  1:19  Probe (Chrono Boost)  
  20  1:26  Cybernetics Core  
  20  1:30  Probe (Chrono Boost)  
  21  1:33  Zealot  
  23  1:40  Probe (Chrono Boost)  
  24  1:51  Probe (Chrono Boost)  
  26  2:01  Probe (Chrono Boost)  
  26  2:05  Warp Gate (Chrono Boost)  
  26  2:14  Adept (Chrono Boost)  
  28  2:18  Pylon  
  28  2:40  Stalker (Chrono Boost)  
  28  2:41  Pylon  
  30  2:54  Gateway  
  30  2:55  Gateway  
  30  2:56  Gateway  
  30  3:00  Gateway  
  30  3:06  Pylon  
  32  3:25  Pylon  
  29  3:56  Adept x5  
  39  4:09  Pylon  
  39  4:15  Adept  
  39  4:16  Adept x4  
  49  4:34  Adept  
  49  4:37  Adept x2  
  55  4:38  Adept  
  55  4:45  Adept  
  49  5:08  Adept x3  
  49  5:09  Adept  
  57  5:17  Adept  
  59  5:36  Adept x3  
  65  5:43  Adept  
  65  5:47  Adept  
  69  5:56  Adept  
  49  6:32  Adept x4  
  43  6:33  Adept  
  33  6:54  Adept  
Tags
 
Add a new tag
Caveats
  • Supply blocks, unpowered buildings, or Contaminate may cause inaccurate times.
  • Supply counts are checked every 10 seconds.